 Dungeon Crawl Stone Soup version 0.29.1-13-g9f3cf754e1 (webtiles) character file.

Game seed: 12769861650689071539

85 theswoord the Shooter (level 4, -4/33 HPs)
             Began as a Demonspawn Hunter on Jan 23, 2023.
             Slain by a gnoll
             ... wielding a +0 flail
              (12 damage)
             ... on level 3 of the Dungeon.
             The game lasted 00:03:26 (1748 turns).

theswoord the Shooter (Demonspawn Hunter)           Turns: 1748, Time: 00:03:27

Health: -4/33      AC:  3    Str: 13    XL:     4   Next: 25%
Magic:  4/4        EV: 12    Int: 10    God:
Gold:   122        SH:  0    Dex: 17    Spells: 3/3 levels left

rFire   . . .      SeeInvis .   g - +1 morningstar (protect)
rCold   . . .      Faith    .   (no shield)
rNeg    . . .      Spirit   .   c - +0 leather armour
rPois   .          Reflect  .   (no helmet)
rElec   .          Harm     .   (no cloak)
rCorr   .          Rampage  .   (no gloves)
Will    .....                   (no boots)
Stlth   ++........              (no amulet)
HPRegen 0.11/turn               (no ring)
MPRegen 0.09/turn               (no ring)

@: no status effects
A: powered by death 2
a: no special abilities


You were on level 3 of the Dungeon.
You visited 1 branch of the dungeon, and saw 3 of its levels.

You collected 122 gold pieces.

Inventory:

Hand Weapons
 a - a +0 shortbow
 g - a +1 morningstar of protection (weapon)
Armour
 c - a +0 leather armour (worn)
 k - a +2 pair of gloves
Scrolls
 b - 2 scrolls of immolation
 d - a scroll of vulnerability
Potions
 e - a potion of haste
 f - 3 potions of curing
 h - a potion of brilliance
 j - a potion of invisibility {unknown}
 l - 2 potions of degeneration {unknown}


   Skills:
 - Level 2.0 Fighting
 + Level 5.3 Ranged Weapons
 - Level 1.7 Dodging
 - Level 0.8 Stealth


You had 3 spell levels left.
You didn't know any spells.
Your spell library was empty.

Dungeon Overview and Level Annotations

Branches:
Dungeon (3/15)

Altars:
Cheibriados

Shops:
D:1 :   D:3 =


Innate Abilities, Weirdness & Mutations

You regenerate health from kills.


Message History

You shoot an arrow. The arrow hits the gnoll!
You kill the gnoll!
You shoot an arrow. The arrow barely misses the gnoll.
The gnoll hits you but does no damage. The gnoll hits you with a +0 club.
There are monsters nearby!
You shoot an arrow. The arrow barely misses the gnoll.
The gnoll hits you with a +0 club.
You shoot an arrow. The arrow hits the gnoll.
The gnoll is moderately wounded.
You shoot an arrow. The arrow barely misses the gnoll.
You hear an angry hiss.
The gnoll hits you with a +0 club!
You shoot an arrow. The arrow hits the gnoll.
The gnoll is moderately wounded.
The gnoll hits you with a +0 club. The gnoll hits you with a +0 flail.
A ball python comes into view.
The gnoll hits you with a +0 club.
* * * LOW HITPOINT WARNING * * *
The gnoll misses you. The gnoll attacks as you move away!
The gnoll completely misses you. The gnoll attacks as you move away!
The gnoll closely misses you. The gnoll attacks as you move away!
The gnoll hits you with a +0 club.
* * * LOW HITPOINT WARNING * * *
The gnoll attacks as you move away! The gnoll barely misses you.
The gnoll attacks as you move away! The gnoll completely misses you.
The gnoll attacks as you move away! The gnoll barely misses you.
Your +1 morningstar of protection hums with potential!
g - a +1 morningstar of protection (weapon)
You sock the gnoll!
Your weapon exudes an aura of protection.
The gnoll is severely wounded.
The gnoll misses you. The gnoll hits you with a +0 flail.
* * * LOW HITPOINT WARNING * * *
You barely miss the gnoll.
The gnoll is heavily wounded.
The gnoll closely misses you.
You closely miss the gnoll.
The gnoll is heavily wounded.
The gnoll hits you with a +0 flail!
You die...

#.#.#.........#.#
#.#.#.........#.#
#.#.######....#.#
#.............#.#
###.#######...#.#
#.# ####...#.# #.#
#.....)..# #.#
#....S#############
#.#
#....gg@..........#
#.#
#...รท.###########.#
#.# #...).# #.#
#.####.)...### #.#
#.#..).......#
######.######
#.#.##.......#
#......##...#
#.#.##.......#
#......##.#.#
#.#.##..)....#
#......##.#.#
#.#.##.......#
#......##.#.#


You could see 2 gnolls and a ball python.

Vanquished Creatures
  2 gnolls (D:3)
  A worm (D:2)
  5 orcs (D:3)
  8 endoplasms
  2 giant cockroaches
  4 goblins
  4 hobgoblins
  6 jackals
  4 kobolds
  2 quokkas (D:2)
  5 ball pythons
  2 bats (D:1)
  4 frilled lizards
  2 rats
51 creatures vanquished.

Notes
Turn   | Place    | Note
-------+----------+-------------------------------------------
     0 | D:1      | theswoord the Demonspawn Hunter began the quest for the
                  | Orb.
     0 | D:1      | Reached XP level 1. HP: 16/16 MP: 1/1
   155 | D:1      | Reached skill level 4 in Ranged Weapons
   158 | D:1      | Gained mutation: You regenerate a little health from kills.
                  | [demonic ancestry]
   158 | D:1      | Reached XP level 2. HP: 22/22 MP: 2/2
   513 | D:1      | Found Xaqatuwo's Book Shop.
   706 | D:2      | Found a faded altar of an unknown god.
   831 | D:2      | Reached XP level 3. HP: 27/27 MP: 3/3
  1405 | D:3      | Reached skill level 5 in Ranged Weapons
  1491 | D:3      | Found a snail-covered altar of Cheibriados.
  1611 | D:3      | Found Kawuil's Jewellery Shop.
  1721 | D:3      | Gained mutation: You regenerate health from kills. [demonic
                  | ancestry]
  1721 | D:3      | Reached XP level 4. HP: 33/33 MP: 4/4
  1748 | D:3      | Slain by a gnoll

Skill      XL: |  1  2  3 |
---------------+----------+-----
Ranged Weapons | 4 5 |  5.3
Fighting       | |  2.0
Dodging        | |  1.7
Stealth        | |  0.8

Action                   |  1- 3 |  4- 6 || total
-------------------------+-------+-------++-------
Melee: Morningstar       |       |     3 ||     3
 Fire: Shortbow          |   111 |     8 ||   119
  Use: Scroll            |     6 |       ||     6
Armor: Leather armour    |    14 |     1 ||    15
Dodge: Dodged            |    36 |     8 ||    44

Levels and vault maps discovered:
D:1:      kilobyte_arrival_exit_the_forest, layout_rooms, serial_shops,
          nicolae_shop_hallway_plus
D:2:      layout_basic, hellmonk_ecumenical_altar_leap_of_faith,
          hangedman_decor_opposing
D:3:      minmay_diamond_boxcup, layout_basic, nicolae_overflow_crystal_walls,
          nicolae_dithmenos_through_a_glass_darkly, serial_shops,
          nicolae_shop_crystal
